cohdb
Replays
Latest Replays
All Replays
Popular Replays
Top Player Replays
Match Explorer
How It Works
Community
CoH3 Stats
Reddit
Sign in to upload your games and track your stats! →
Sign in with Steam
Match 42781255
Unlisted
Match 42781255
Overview
Messages
Build Orders
End
Construct Infanterie Kompanie
Selects Breakthrough Battlegroup
Selects Assault Grenadiers
Grenadier Squad
Grenadier Squad
Grenadier Squad
Infanterie Officer Quarters
Grenadier Squad
Grenadier Squad
Grenadier Squad
Selects 2.5-tonne Cargo Truck
Grenadier Squad
Construct Luftwaffe Kompanie
Grenadier Squad
Jäger Squad
Construct Panzer Kompanie
Selects Blitzkrieg
Jäger Squad
Panzer IV Medium Tank
Luftwaffe Officer Quarters
Pioneer Squad
gxxg TR
CommandantKitty
DarxSokul
Tok3n x Operator
Manstory007
meanneam
0
0
Comments
sign in to comment!
No comments posted yet!